 Dungeon Crawl Stone Soup version 0.29.0-13-gc9e81de378 (webtiles) character file.

Game seed: 6614644745678695819

2098 sanka the Spear-Bearer (level 9, -4/68 HPs)
             Began as a Merfolk Brigand on Sept 7, 2022.
             Was an Initiate of Gozag.
             Splashed by a jelly's acid (11 damage)
             ... on level 6 of the Dungeon.
             The game lasted 00:14:16 (5780 turns).

sanka the Spear-Bearer (Merfolk Brigand)            Turns: 5780, Time: 00:14:17

Health: -4/68      AC: -14   Str: 15    XL:     9   Next: 28%
Magic:  9/9        EV: 13    Int: 10    God:    Gozag
Gold:   757        SH:  0    Dex: 16    Spells: 8/8 levels left

rFire   . . .      SeeInvis .   a - +0 spear
rCold   . . .      Faith    .   (no shield)
rNeg    . . .      Spirit   .   p - +0 ring mail
rPois   .          Reflect  .   s - +0 helmet
rElec   .          Harm     .   c - +0 cloak
rCorr   .          Rampage  .   (no gloves)
Will    .....                   C - +0 pair of boots
Stlth   +.........              q - amulet of regeneration
HPRegen 1.01/turn               (no ring)
MPRegen 0.11/turn               (no ring)

@: confused, ambrosia-drunk, corroded
A: (nimble swimmer 2), mertail
a: Renounce Religion, Potion Petition, Call Merchant, Bribe Branch


You were on level 6 of the Dungeon.
You worshipped Gozag.
Gozag was pleased with you.
You visited 1 branch of the dungeon, and saw 8 of its levels.
You also visited: Ossuary.

You collected 1152 gold pieces.
You spent 45 gold pieces at shops.
You paid 350 gold pieces to Gozag.


Innate Abilities, Weirdness & Mutations

((You are very nimble when in or above water. (Stealth+, EV+, Speed+++)))
Your lower body shifts to a powerful aquatic tail in water.


   Skills:
 + Level 5.2 Fighting
 - Level 2.4 Short Blades
 - Level 12.0 Polearms
 - Level 2.0 Throwing
 + Level 3.0 Armour
 + Level 5.6 Dodging
 - Level 4.3 Stealth


You had 8 spell levels left.
You didn't know any spells.
Your spell library was empty.

Inventory:

Hand Weapons
 a - a +0 spear (weapon)
 b - a +2 dagger
Missiles
 d - 17 poisoned darts (quivered)
 e - 3 curare-tipped darts {=f}
 i - 6 atropa-tipped darts
Armour
 c - a +0 cloak (worn)
 f - a +0 robe
 p - a +0 ring mail (worn)
 s - a +0 helmet (worn)
 C - a +0 pair of boots (worn)
Magical Staves
 u - a staff of death
Jewellery
 q - an amulet of regeneration (around neck)
 F - a ring of ice
Wands
 t - a wand of charming (12)
 I - a wand of flame (5)
Scrolls
 h - 2 scrolls of fog
 j - a scroll of enchant armour
 k - a scroll of acquirement
 l - 2 scrolls of magic mapping
 m - a scroll of poison {!r}
 r - a scroll of vulnerability {!r}
 v - 3 scrolls of blinking
 w - 4 scrolls of noise {!r}
 y - 4 scrolls of teleportation {@r4}
 H - a scroll of fear
 K - a scroll of amnesia
Potions
 n - a potion of lignification {unknown}
 o - 3 potions of degeneration {unknown}
 x - a potion of brilliance {unknown}
 z - 4 potions of curing {@q1}
 A - a potion of heal wounds {unknown}
 B - 2 potions of haste {@q3}
 D - 3 potions of cancellation {unknown}
 E - a potion of flight {unknown}
 G - 3 potions of mutation {unknown}
 J - a potion of attraction {unknown}

Dungeon Overview and Level Annotations

Branches:
Dungeon (8/15)             Temple (0/1) D:7         Ossuary (visited)
   Lair: D:8-11

Altars:
Dithmenos
Fedhas
Gozag
Hepliaklqana
Kikubaaqudgha
Uskayaw

Shops:
D:5 *

Annotations:
D:8 3 runed translucent doors

.▒▒▒..▒.....▒.........▒▒▒...▒▒▒..
▒.▒▒..▒.▒▒▒..._...▒▒▒▒▒▒......▒..
▒▒.▒.....▒▒▒▒...▒▒▒▒▒▒...▒▒▒....▒
.▒▒.........▒▒▒▒▒▒......▒▒▒▒▒▒..▒
.▒.▒▒.▒.▒....▒▒▒......▒▒▒...▒▒▒.▒
......▒)▒▒▒▒......▒▒▒▒▒..._.....▒
.▒▒▒▒▒▒.).▒▒▒...▒▒▒.....▒........
.▒ ▒▒▒...▒▒▒▒▒...▒▒ .......▒▒ ▒▒
▒......Jm....▒ .▒▒▒▒▒. ▒
▒▒.............▒ ▒. ▒
▒▒▒▒▒.▒.▒▒▒▒....▒.. ▒. ▒
▒.............▒▒▒ ▒. ▒
▒.▒.▒.........▒ ▒. ▒.▒..▒.▒▒▒.▒▒
.. ▒.)..▒.▒ .▒ ▒.▒▒.▒.. .. ...
.▒...


You could see a jelly.


Message History

* * * LOW HITPOINT WARNING * * *
The jelly is severely wounded.
You hit the jelly but do no damage.
Your hands burn!
* * * LOW HITPOINT WARNING * * *
The jelly is severely wounded.
The jelly closely misses you. The jelly attacks as you move away!
The jelly barely misses you. The jelly attacks as you move away!
The jelly completely misses you. The jelly attacks as you move away!
The jelly completely misses you. The jelly attacks as you move away!
The jelly closely misses you. The jelly attacks as you move away!
The jelly hits you.
* * * LOW HITPOINT WARNING * * *
The acid corrodes you!
You are splashed with acid!
* * * LOW HITPOINT WARNING * * *
The jelly attacks as you move away! The jelly barely misses you.
You are confused.
You feel invigorated. The jelly hits you.
* * * LOW HITPOINT WARNING * * *
You are splashed with acid!
You die...
Your body crumbles into a pile of gold.

Action                   |  1- 3 |  4- 6 |  7- 9 || total
-------------------------+-------+-------+-------++-------
Melee: Spear             |   154 |   298 |   628 ||  1080
       Dagger            |     3 |       |       ||     3
       Punch             |     3 |     4 |     8 ||    15
Invok: Potion Petition   |       |       |     1 ||     1
  Use: Potion            |       |     2 |     2 ||     4
       Scroll            |       |     1 |    12 ||    13
 Stab: Sleeping          |     8 |     5 |     3 ||    16
       Distracted        |       |     1 |     1 ||     2
Armor: Robe              |     7 |       |       ||     7
       Ring mail         |    43 |    95 |    94 ||   232
Dodge: Dodged            |    74 |   123 |   130 ||   327

Levels and vault maps discovered:
D:1:      dpeg_arrival_tiny_g, layout_basic
D:2:      layout_basic, minmay_3d_cube
D:3:      minmay_razor_zed, layout_rooms, nicolae_ecumenical_snake_handling,
          minmay_fountain_box, grunt_decor_fettered
D:4:      layout_cave_pools, mainiacjoe_overflow_chevrons,
          lemuel_coloured_pillars_altar
D:5:      layout_basic, fedhas_altar_2, serial_aquarium,
          aquarium_bridge_long_joined [aquarium_subvault_balcony,
          aquarium_subvault_bridge, aquarium_subvault_window,
          aquarium_subvault_window, aquarium_subvault_window,
          aquarium_subvault_window], aquarium_window_2, aquarium_window_fake,
          aquarium_window_corridor_1, aquarium_view_2a, aquarium_view_2b,
          nicolae_shop_clearance
D:6:      layout_loops_cross, mainiacjoe_overflow_catch_the_wave
D:7:      minmay_flawed_box, layout_cave_pools, nicolae_ru_path_of_blood,
          minmay_temple_entry_crystal_x, nicolae_ossuary_entry_ruins, uniq_pikel
D:8:      layout_basic, ploomutoo_gammafunk_ghost_potion_laboratory

Notes
Turn   | Place    | Note
-------+----------+-------------------------------------------
     0 | D:1      | sanka the Merfolk Brigand began the quest for the Orb.
     0 | D:1      | Reached XP level 1. HP: 16/16 MP: 1/1
   262 | D:1      | Reached skill level 1 in Polearms
   395 | D:1      | Reached skill level 2 in Polearms
   395 | D:1      | Reached XP level 2. HP: 13/22 MP: 2/2
   906 | D:2      | Reached skill level 3 in Polearms
   950 | D:2      | Reached XP level 3. HP: 22/27 MP: 3/3
  1136 | D:2      | Reached skill level 4 in Polearms
  1210 | D:2      | Reached XP level 4. HP: 30/33 MP: 4/4
  1468 | D:3      | Reached skill level 5 in Polearms
  2035 | D:3      | Found a faded altar of an unknown god.
  2055 | D:3      | Reached XP level 5. HP: 33/38 MP: 5/5
  2061 | D:3      | Prayed at the altar of an unknown god.
  2061 | D:3      | Became a worshipper of Gozag Ym Sagoz the Greedy
  2194 | D:4      | Reached skill level 6 in Polearms
  2198 | D:4      | Reached skill level 7 in Polearms
  2198 | D:4      | Reached XP level 6. HP: 12/44 MP: 6/6
  2236 | D:4      | Noticed a steam dragon
  2539 | D:4      | Found a shadowy altar of Dithmenos.
  2604 | D:4      | Reached skill level 8 in Polearms
  2878 | D:4      | Found a hide-covered altar of Uskayaw.
  2924 | D:4      | Killed a steam dragon
  2925 | D:4      | Reached skill level 9 in Polearms
  2925 | D:4      | Reached XP level 7. HP: 7/50 MP: 7/7
  3053 | D:5      | Entered Level 5 of the Dungeon
  3173 | D:5      | Reached skill level 10 in Polearms
  3254 | D:5      | Found Loapeo Sesi's CLEARANCE SALE!.
  3257 | D:5      | Bought a scroll of blinking for 45 gold pieces
  3332 | D:5      | Reached skill level 11 in Polearms
  3451 | D:5      | Reached XP level 8. HP: 15/56 MP: 8/8
  3867 | D:5      | Identified a scroll of acquirement
  3950 | D:5      | Found a blossoming altar of Fedhas.
  4080 | D:6      | Found an ancient bone altar of Kikubaaqudgha.
  4193 | D:6      | Reached skill level 12 in Polearms
  4246 | D:6      | Reached skill level 2 in Dodging
  4293 | D:6      | Found a hazy altar of Hepliaklqana.
  4414 | D:8      | Reached skill level 1 in Armour
  4564 | D:8      | Found a runed translucent gate.
  4564 | D:8      | Found a runed translucent gate.
  4564 | D:8      | Found a runed translucent gate.
  4565 | D:8      | Noticed a white ugly thing
  4566 | D:8      | Noticed a white ugly thing
  4568 | D:8      | Noticed a purple ugly thing
  4569 | D:8      | Noticed a cyan ugly thing
  4650 | D:7      | Reached skill level 3 in Fighting
  4668 | D:7      | Reached skill level 3 in Dodging
  4678 | D:7      | Found a sand-covered staircase.
  4720 | Ossuary  | Entered an ossuary
  5190 | D:7      | Identified the +4 shortbow "Hutot" {vorpal, Will- Int+8
                  | Stlth+}
  5258 | D:7      | Reached skill level 2 in Armour
  5258 | D:7      | Reached skill level 4 in Dodging
  5287 | D:7      | Reached skill level 4 in Fighting
  5511 | D:7      | Noticed a wyvern
  5518 | D:6      | Killed a wyvern
  5519 | D:6      | Reached XP level 9. HP: 16/66 MP: 9/9
  5526 | D:6      | Reached skill level 5 in Dodging
  5533 | D:6      | HP: 3/66 [steam dragon (6)]
  5665 | D:6      | Reached skill level 5 in Fighting
  5693 | D:6      | Reached skill level 3 in Armour
  5777 | D:6      | HP: 1/68 [acid (9)]
  5780 | D:6      | Splashed by a jelly's acid

Vanquished Creatures
  A wyvern (D:6)
  2 steam dragons
  A black bear (D:5)
  2 ice beasts
  A kobold brigand (D:8)
  A lemure (D:8)
  A necrophage (D:6)
  8 scorpions
  3 wights (D:7)
  2 hounds
  An orc priest (D:6)
  2 jellies
  3 iguanas (D:5)
  5 orc wizards
  8 mummies (Ossuary)
  9 adders
  A shadow imp (D:7)
  An ufetubus (D:4)
  3 worms
  A dart slug (D:3)
  12 orcs
  6 bats
  3 endoplasms
  3 giant cockroaches
  6 goblins
  5 hobgoblins
  18 jackals
  A quokka (D:5)
  12 ball pythons
  2 frilled lizards (D:3)
  10 kobolds
  2 kobold zombies (Ossuary)
  6 orc zombies (Ossuary)
  10 rats
152 creatures vanquished.

Vanquished Creatures (others)
  9 fungi (D:5)
9 creatures vanquished.

Grand Total: 161 creatures vanquished
